 Dungeon Crawl Stone Soup version 0.31-a0-182-gc5ef74bbde (webtiles) character file.

Game seed: 2674910570670539873

187 Maxmaps the Insei (level 5, 0/38 HPs)
             Began as a Demonspawn Hunter on June 20, 2023.
             Slain by an orc
             ... wielding a +2 dagger of electrocution
              (18 damage)
             ... on level 3 of the Dungeon.
             The game lasted 00:01:35 (1988 turns).

Maxmaps the Insei (Demonspawn Hunter)               Turns: 1988, Time: 00:01:36

Health: 0/38       AC:  8    Str: 12    XL:     5   Next: 39%
Magic:  5/5        EV:  9    Int: 12    God:
Gold:   132        SH:  0    Dex: 16    Spells: 4/4 levels left

rFire   . . .        a - +0 shortbow
rCold   . . .        (shield currently unavailable)
rNeg    . . .        i - +0 scale mail
rPois   .            (no helmet)
rElec   .            k - +0 cloak
rCorr   .            (no gloves)
SInv    .            d - +0 pair of boots
Will    .....        (no amulet) Stlth
                     (no ring)
HPRegen 0.26/turn    (no ring)
MPRegen 0.09/turn

%: no passive effects
@: no status effects
A: claws 1, hooves 1, weakness stinger 1
a: no special abilities


You were on level 3 of the Dungeon.
You visited 1 branch of the dungeon, and saw 3 of its levels.

You collected 132 gold pieces.

Inventory:

Hand Weapons
 a - a +0 shortbow (weapon)
Armour
 c - a +0 leather armour
 d - a +0 pair of boots (worn)
 i - a +0 scale mail (worn)
 k - a +0 cloak (worn)
Jewellery
 m - a +6 ring of strength
Scrolls
 b - a scroll of butterflies
 e - 4 scrolls of teleportation {unknown}
 f - 2 scrolls of revelation {unknown}
 g - a scroll of poison {unknown}
 h - a scroll of fear {unknown}
 j - 3 scrolls of identify {unknown}
 l - a scroll of noise {unknown}
Potions
 n - a potion of curing {unknown}


   Skills:
 - Level 2.0 Fighting
 - Level 4.1 Ranged Weapons
 - Level 1.7 Dodging
 - Level 0.8 Stealth
 + Level 4.3 Unarmed Combat


You had 4 spell levels left.
You didn't know any spells.
Your spell library contained the following spells:

 Spells                   Type           Power      Damage    Failure   Level
 Static Discharge         Conj/Air       0%         2-2/arc   95%         2
 Airstrike                Air            0%         2d(0-16)  100%        4
 Summon Lightning Spire   Summ/Air       0%         N/A       100%        4


Dungeon Overview and Level Annotations

Branches:
Dungeon (3/15)

Altars:
Xom


Innate Abilities, Weirdness & Mutations

You have sharp fingernails.
You have large cloven feet.
You have a small tail.


Message History

You are too injured to fight recklessly!
Unknown command.
You are too injured to fight recklessly!
You are too injured to fight recklessly!
Fire: a) +0 shortbow
Press: ? - help, Shift-Dir - straight line, f/p - Natasha
Aim: Natasha (severely wounded, 56% to hit)
You shoot an arrow. The arrow hits Natasha!
You kill Natasha!
You feel Natasha's spirit has finally been put to rest.
The orc closely misses you. The orc barely misses you.
Fire: a) +0 shortbow
Press: ? - help, Shift-Dir - straight line, f - orc
Aim: an orc, wielding a +2 dagger of electrocution and wearing a +0 scale mail (66% to hit)
You shoot an arrow. The arrow completely misses the orc.
The orc hits you with a +2 dagger of electrocution.
The orc hits you but does no damage.
Unknown command.
Fire: a) +0 shortbow
Press: ? - help, Shift-Dir - straight line, f/p - orc
Aim: an orc, wielding a +2 dagger of electrocution and wearing a +0 scale mail (66% to hit)
You shoot an arrow. The arrow barely misses the orc.
The orc closely misses you.
The orc hits you with a +2 dagger of electrocution.
Unknown command.
Fire: a) +0 shortbow
Press: ? - help, Shift-Dir - straight line, f/p - orc
Aim: an orc, wielding a +2 dagger of electrocution and wearing a +0 scale mail (66% to hit)
You shoot an arrow. The arrow hits the orc.
The orc is almost dead.
The orc closely misses you. The orc barely misses you.
Fire: a) +0 shortbow
Press: ? - help, Shift-Dir - straight line, f/p - orc
Aim: an orc, wielding a +2 dagger of electrocution and wearing a +0 scale mail (almost dead, 66% to hit)
You shoot an arrow.
The arrow hits the orc but does no damage.
The orc is almost dead.
You feel yourself speed up. The orc hits you but does no damage.
You are electrocuted!!
You die...

....###.#.### #
#..........######
$
#...............
##.
##.##.#####.####
..# ##...# #.# #
#.# ##.#### #.# #
#####.###.## #.#
# ......o#..# #.#
# #@### #.# # ###
#.# #.# #.# ##
###########.# #.
#...........# #.
#.########### #.
#.# ## #.# #


You could see an orc.

Vanquished Creatures
  Natasha (thrice) (D:3)
  5 adders
  A gnoll (D:1)
  2 dart slugs (D:1)
  4 endoplasms
  2 giant cockroaches
  3 goblins
  4 hobgoblins
  7 jackals (D:1)
  4 quokkas
  3 ball pythons
  2 bats
  6 frilled lizards (D:1)
  5 kobolds
  6 rats
57 creatures vanquished.

Notes
Turn   | Place    | Note
-------+----------+-------------------------------------------
     0 | D:1      | Maxmaps the Demonspawn Hunter began the quest for the Orb.
     0 | D:1      | Reached XP level 1. HP: 16/16 MP: 1/1
   120 | D:1      | Discovered your monstrous ancestry.
   120 | D:1      | Gained mutation: You have sharp fingernails. [demonic
                  | ancestry]
   120 | D:1      | Reached XP level 2. HP: 22/22 MP: 2/2
   164 | D:1      | Reached skill level 1 in Unarmed Combat
   167 | D:1      | Found a faded altar of an unknown god.
   294 | D:1      | Reached XP level 3. HP: 27/27 MP: 3/3
   901 | D:2      | Found a shimmering altar of Xom.
  1164 | D:2      | Gained mutation: You have a small tail. [demonic ancestry]
  1164 | D:2      | Reached XP level 4. HP: 33/33 MP: 4/4
  1551 | D:3      | Noticed Natasha
  1557 | D:3      | Killed Natasha
  1774 | D:3      | Noticed Natasha
  1782 | D:3      | Killed Natasha
  1783 | D:3      | Gained mutation: You have large cloven feet. [demonic
                  | ancestry]
  1783 | D:3      | Reached XP level 5. HP: 16/38 MP: 5/5
  1974 | D:3      | Noticed Natasha
  1984 | D:3      | Killed Natasha
  1988 | D:3      | Slain by an orc

Illustrated notes

Levels and vault maps discovered:
D:1:      minmay_arrival_glassed_features, layout_loops_ring,
          ebering_ecumenical_altar_petrified, serial_bayou, serial_bayou_pond_a,
          serial_bayou_shore_a, serial_bayou_pond_d, serial_bayou_crossing,
          grunt_decor_arrowhead, minmay_lizard_pond
D:2:      layout_basic, basic_altar
D:3:      layout_loops_ring, uniq_natasha

Skill      XL: |  1  2  3  4 |
---------------+-------------+-----
Ranged Weapons | 4 |  4.1
Unarmed Combat | 1 2 4 |  4.3
Fighting       | |  2.0
Dodging        | |  1.7
Stealth        | |  0.8

Action                     |  1- 3 |  4- 6 || total
---------------------------+-------+-------++-------
   Fire: Shortbow          |    95 |    69 ||   164
 Armour: Leather armour    |     4 |       ||     4
         Scale mail        |     1 |    14 ||    15
  Dodge: Dodged            |     8 |    15 ||    23

Table legend: (Time is in decaauts)
 A = Elapsed time spent in this place.
 B = Non-inter-level travel time spent in this place.
 C = Inter-level travel time spent in this place.
 D = Time resting spent in this place.
 E = Time spent auto-exploring this place.
 F = Levels seen in this place.
 G = Mean time per level.
                   A        B        C        D        E       F      G
               +--------+--------+--------+--------+--------+-----+--------+
         Total |   2095 |   1964 |    131 |      0 |   1613 |   3 |  698.3 |
       Dungeon |   2095 |   1964 |    131 |      0 |   1613 |   3 |  698.3 |
               +--------+--------+--------+--------+--------+-----+--------+

Top non-repeatable levels by time:
     D:1: 901 daAuts
     D:3: 646 daAuts
     D:2: 547 daAuts
